 Dungeon Crawl Stone Soup version 0.25-a0-280-gfa4545f159 (webtiles) character file.

Game seed: 3212879177876206394, levelgen mode: deterministic

16 Esekla the Skirmisher (level 2, 12/18 HPs)
             Began as a Deep Elf Abyssal Knight on Dec 10, 2019.
             Was a Follower of Lugonu.
             Got out of the dungeon alive.
             The game lasted 00:05:17 (462 turns).

Esekla the Skirmisher (Deep Elf Abyssal Knight)      Turns: 462, Time: 00:05:18

Health: 12/18      AC:  3    Str:  9    XL:     2   Next: 37%
Magic:  5/5        EV: 12    Int: 16    God:    Lugonu [*.....]
Gold:   53         SH:  0    Dex: 14    Spells: 1/1 levels left

rFire    . . .     SeeInvis .   a - +1 falchion
rCold    . . .     Gourm    .   (no shield)
rNeg     . . .     Faith    .   b - +0 leather armour
rPois    .         Spirit   .   (no helmet)
rElec    .         Reflect  .   (no cloak)
rCorr    .         Harm     +   (no gloves)
MR       .....                  (no boots)
Stlth    +.........             g - amulet of harm
HPRegen  0.06/turn              (no ring)
MPRegen  0.09/turn              (no ring)

@: no status effects
A: no striking features
a: Depart the Abyss, Renounce Religion


You escaped.
You worshipped Lugonu.
Lugonu was aware of your devotion.
You were not hungry.

You visited 1 branch of the dungeon, and saw 1 of its levels.
You visited the Abyss 1 time.

You collected 53 gold pieces.

Inventory:

Hand Weapons
 a - a +1 falchion (weapon)
Armour
 b - a +0 leather armour (worn)
Jewellery
 g - an amulet of harm (around neck)
Potions
 d - a potion of curing {unknown}
 e - a potion of might {unknown}
 f - 3 potions of flight {unknown}
Comestibles
 c - 2 rations


   Skills:
 + Level 2.7 Fighting
 * Level 2.2 Long Blades
 + Level 0.8 Armour
 + Level 2.5 Dodging
 + Level 2.1 Invocations


You had one spell level left.
You didn't know any spells.
Your spell library was empty.

Dungeon Overview and Level Annotations

Branches:
Dungeon (1/15)

Altars:


Message History

You slash the goblin!
You kill the goblin!
Lugonu accepts your kill.
Items here: ))) † a +0 club x2; a +0 dagger; a goblin corpse
Things that are here:
a +0 club; a goblin corpse You see here 15 sling bullets.
There is a stone staircase leading down here.
g - an amulet of harm (around neck)
You aren't carrying any scrolls.
Unknown command.
You see here 15 sling bullets.
Items here: ))) † a +0 club x2; a +0 dagger; a goblin corpse
Okay, then.
There is a staircase leading out of the dungeon here.
You can't go down here!
Are you sure you want to leave the Dungeon?
This will make you lose the game!
You have escaped!

#.#...#.#.#.#.#.#.#.#...#
###'
#.####...............####
##'
#.###......#..........#
#..
#>..##.......#.......##
#..
#.#.#.....#..(.#......#
#..
#.#.##...........#...##
#..
#.#.#....#.#.#)#...#..#
#..
####.#.##..............(##
##..
#......#...#..#.@.#(.#...#
#...
.......##...............##
#...
.......#..#...#.#.#.#....#
#...
.......##...#...........##
#...
.....#.#......#....#.....#
#(..
.....#.##.......#.......##
#...
####.#.#..........#......#
#...
#.#.##...............####
###'
#.#...#.#.#.#.#.#.#.#)..#
#.


There were no monsters in sight!

Vanquished Creatures
  An ooze (D:1)
  3 goblins (D:1)
  2 hobgoblins (D:1)
  A bat (D:1)
  A frilled lizard (D:1)
  3 kobolds (D:1)
11 creatures vanquished.

Notes
Turn   | Place    | Note
-------+----------+-------------------------------------------
     0 | Abyss:1  | Esekla the Deep Elf Abyssal Knight began the quest for the
                  | Orb.
     0 | Abyss:1  | Reached XP level 1. HP: 13/13 MP: 4/4
    35 | Abyss:1  | Found a corrupted altar of Lugonu.
   230 | Abyss:2  | Noticed a crimson imp
   236 | Abyss:2  | Noticed a worldbinder
   237 | Abyss:2  | Noticed an ironheart preserver
   237 | Abyss:2  | Noticed a vault sentinel
   237 | Abyss:2  | Noticed a vault sentinel
   240 | D:1      | Escaped the Abyss
   333 | D:1      | Reached XP level 2. HP: 13/18 MP: 5/5
   418 | D:1      | Reached * piety under Lugonu
   462 | D:$      | Got out of the dungeon alive.

Levels and vault maps discovered:
D:1:      co_arrival_square_in_a_square_in_a_square, layout_basic,
          item_on_display_a

Skill      XL: |  1 |
---------------+----+-----
Long Blades    | 2 |  2.2
Fighting       | |  2.7
Armour         | |  0.8
Dodging        | |  2.5
Invocations    | |  2.1

Action                   || total
-------------------------++-------
Melee: Falchion          ||    44
Invok: Depart the Abyss  ||     1
Armor: Leather armour    ||     7
Dodge: Dodged            ||    25
       Rpst.: Falchion   ||     3

Table legend:
 A = Non-vault XP
 B = Vault XP
 C = Vault XP percentage of total XP
 D = Non-vault monster count
 E = Vault monster count
 F = Vault count percentage of total count
                 A         B        C        D         E       F
            +---------+---------+-------+---------+---------+-------
      Total |      23 |       0 |   0.0 |      11 |       0 |   0.0
            +---------+---------+-------+---------+---------+-------
        D:1 |      23 |       0 |   0.0 |      11 |       0 |   0.0
            +---------+---------+-------+---------+---------+-------
